 Dungeon Crawl Stone Soup version 0.31-a0-175-g9f7f995f2b (webtiles) character file.

Game seed: 962528030248955940

121 qw the Chopper (level 5, -6/32 HPs)
             Began as a Gargoyle Fighter on June 17, 2023.
             Killed by divine providence
             ... invoked by an orc priest
              (10 damage)
             ... on level 3 of the Dungeon.
             The game lasted 00:01:03 (1911 turns).

qw the Chopper (Gargoyle Fighter)                   Turns: 1911, Time: 00:01:04

Health: -6/32      AC: 14    Str: 21    XL:     5   Next: 5%
Magic:  5/5        EV: 12    Int:  9    God:
Gold:   84         SH:  4    Dex:  9    Spells: 4/4 levels left

rFire   . . .        Y - +0 war axe
rCold   . . .        c - +0 buckler
rNeg    + . .        e - +0 chain mail
rPois   inf          a - +0 helmet
rElec   +            (no cloak)
rCorr   .            (no gloves)
SInv    .            (no boots)
Will    .....        (no amulet) Stlth
                     k - +5 ring of evasion
HPRegen 0.25/turn    (no ring)
MPRegen 0.09/turn

%: no passive effects
@: no status effects
A: sickness immunity, AC +4, negative energy resistance 1, electricity
resistance, torment resistance 1, petrification resistance
a: no special abilities


You were on level 3 of the Dungeon.
You visited 1 branch of the dungeon, and saw 3 of its levels.

You collected 84 gold pieces.


Innate Abilities, Weirdness & Mutations

You are immune to sickness and miasma.
Your stone body is resilient. (AC +4)
You are immune to poison.
You resist negative energy. (rN+)
You are resistant to electric shocks. (rElec)
You are resistant to unholy torment.
You are immune to petrification.


   Skills:
 - Level 3.2 Fighting
 + Level 4.6 Axes
 - Level 3.2 Armour
 - Level 3.2 Shields


You had 4 spell levels left.
You didn't know any spells.
Your spell library was empty.

Inventory:

Hand Weapons
 g - a +0 hammer
 Y - a +0 war axe (weapon)
Armour
 a - a +0 helmet (worn)
 c - a +0 buckler (worn)
 e - a +0 chain mail (worn)
Jewellery
 k - a +5 ring of evasion (left hand)
Potions
 d - a potion of might
 f - a potion of mutation {unknown}
 i - 2 potions of lignification

Dungeon Overview and Level Annotations

Branches:
Dungeon (3/15)

Altars:

Shops:
D:1 [

Annotations:
D:2 1 runed translucent door, Crazy Yiuf


Message History

You see here a +0 club.
You climb downwards.
There is a stone staircase leading up here.
Found an escape hatch in the floor.
Found a stone staircase leading down.
An orc wizard and 2 orcs come into view.
The orc shouts!
The orc wizard shouts!
The orc shouts!
An orc priest comes into view. It is wielding a +0 club.
You barely miss the orc wizard.
The orc priest invokes the aid of Beogh against you.
Beogh smites you!
An orc priest comes into view. It is wielding a +0 mace.
The orc wizard points at you and mumbles some strange words.
You resist with some effort.
You closely miss the orc wizard. You barely miss the orc.
The orc hits you but does no damage.
You slash the orc!
You kill the orc!
You slash the orc wizard!
The orc wizard is severely wounded.
The orc priest invokes the aid of Beogh against you.
Beogh smites you!
The orc priest looks braver for a moment.
The orc wizard hits you but does no damage.
The orc priest invokes the aid of Beogh against you.
Beogh smites you!
The orc wizard gestures at you while chanting.
You are confused.
The orc wizard hits you but does no damage.
The orc wizard gestures at you while chanting.
You resist with some effort.
The orc wizard hits you but does no damage.
The orc wizard gestures wildly while chanting.
The orc wizard flickers and vanishes!
Deactivating autopickup; reactivate with Ctrl-A.
Something hits you but does no damage.
You feel less confused.
The orc priest calls down the wrath of Beogh upon you.
Beogh smites you!
You die...

#.# #..>. #.#
#..>. #.#
#.#.# #.#
#.#.# # #.#
#.#.# .# #.#
#.#.###.##
#.###........#
#<...........#
########@###.#
#{# #o# #o#
#o# #.# #.#
#.#


You could see 2 orc priests and an orc.

Vanquished Creatures
  Jessica (D:2)
  Robin (D:2)
  3 adders (D:2)
  A dart slug (D:2)
  An orc (D:3)
  4 ball pythons
  2 endoplasms (D:2)
  13 goblins
  6 hobgoblins
  4 jackals (D:2)
  A quokka (D:1)
  2 bats
  2 frilled lizards
  3 kobolds
  5 rats
49 creatures vanquished.

Notes
Turn   | Place    | Note
-------+----------+-------------------------------------------
     0 | D:1      | qw the Gargoyle Fighter began the quest for the Orb.
     0 | D:1      | Reached XP level 1. HP: 14/14 MP: 1/1
     0 | D:1      | 0 ||| qw: Version: 0.3-a-2-g5ab2908
     0 | D:1      | 0 ||| qw: Game counter: 301
     0 | D:1      | 0 ||| qw: Always use a shield: true
     0 | D:1      | 0 ||| qw: God list: Okawaru
     0 | D:1      | 0 ||| qw: Allow faded altars: false
     0 | D:1      | 0 ||| qw: Do Orc after D:15 true
     0 | D:1      | 0 ||| qw: Do second Lair branch before Depths: true
     0 | D:1      | 0 ||| qw: Lair rune preference: random
     0 | D:1      | 0 ||| qw: Plans: Normal, Zot:1-4, Slime:5, God:TSO, Crypt,
                  | Tomb, Abyss, Pan, Hells, Win
     0 | D:1      | 0 ||| PLANNING D:1-11
   116 | D:1      | Reached skill level 2 in Axes
   174 | D:1      | Reached XP level 2. HP: 19/19 MP: 2/2
   297 | D:1      | Found Nouk's Antique Armour Shop.
   304 | D:1      | 304 ||| SHOPLISTING quicksilver dragon scales (1440 gold,
                  | have 53).
   304 | D:1      | 304 ||| SHOPLISTING shiny helmet (180 gold, have 53).
   304 | D:1      | 304 ||| SHOPLISTING shiny scale mail (168 gold, have 53).
   304 | D:1      | 304 ||| SHOPLISTING smoking scale mail (216 gold, have 53).
   578 | D:1      | 578 ||| Stepping ~*~*~tactically~*~*~ (stealth).
   595 | D:1      | 595 ||| DROPPING ring of flight.
   596 | D:1      | 596 ||| UPGRADING to +5 ring of evasion.
   597 | D:1      | 597 ||| READING scroll labelled SUGHOAD JIOR.
   598 | D:1      | 598 ||| READING scroll labelled ULIUSIMEST.
   603 | D:1      | 603 ||| READING scroll labelled IBOZA LESAINN.
   784 | D:2      | Reached skill level 3 in Axes
   784 | D:2      | Reached XP level 3. HP: 23/23 MP: 3/3
   832 | D:2      | Noticed Jessica
   837 | D:2      | Killed Jessica
   840 | D:2      | 840 ||| FLEEEEING.
   842 | D:2      | 842 ||| FLEEEEING.
   843 | D:2      | 843 ||| FLEEEEING.
   844 | D:2      | 844 ||| FLEEEEING.
   845 | D:2      | 845 ||| STAIRDANCE
   848 | D:1      | Reached XP level 4. HP: 28/28 MP: 4/4
   848 | D:1      | 848 ||| DRINKING 3 yellow potions.
  1039 | D:2      | Identified the +1 leather armour "Ramez" {Int+4}
  1063 | D:2      | 1063 ||| Stepping ~*~*~tactically~*~*~ (stealth).
  1079 | D:2      | Reached skill level 4 in Axes
  1249 | D:2      | 1249 ||| Stepping ~*~*~tactically~*~*~ (stealth).
  1252 | D:2      | 1252 ||| Stepping ~*~*~tactically~*~*~ (stealth).
  1304 | D:2      | 1304 ||| Stepping ~*~*~tactically~*~*~ (stealth).
  1305 | D:2      | 1305 ||| Stepping ~*~*~tactically~*~*~ (stealth).
  1306 | D:2      | 1306 ||| Stepping ~*~*~tactically~*~*~ (stealth).
  1308 | D:2      | 1308 ||| Stepping ~*~*~tactically~*~*~ (stealth).
  1332 | D:2      | 1332 ||| Stepping ~*~*~tactically~*~*~ (stealth).
  1336 | D:2      | 1336 ||| Stepping ~*~*~tactically~*~*~ (stealth).
  1347 | D:2      | 1347 ||| Stepping ~*~*~tactically~*~*~ (stealth).
  1369 | D:2      | Noticed Robin
  1370 | D:2      | 1370 ||| Stepping ~*~*~tactically~*~*~ (stealth).
  1372 | D:2      | 1372 ||| Stepping ~*~*~tactically~*~*~ (hiding).
  1373 | D:2      | 1373 ||| Stepping ~*~*~tactically~*~*~ (hiding).
  1374 | D:2      | 1374 ||| Stepping ~*~*~tactically~*~*~ (hiding).
  1375 | D:2      | 1375 ||| Stepping ~*~*~tactically~*~*~ (hiding).
  1376 | D:2      | 1376 ||| Stepping ~*~*~tactically~*~*~ (hiding).
  1383 | D:2      | Killed Robin
  1387 | D:2      | 1387 ||| FLEEEEING.
  1389 | D:2      | 1389 ||| FLEEEEING.
  1390 | D:2      | 1390 ||| FLEEEEING.
  1391 | D:2      | 1391 ||| FLEEEEING.
  1392 | D:2      | 1392 ||| STAIRDANCE
  1422 | D:1      | 1422 ||| DROPPING +1 leather armour "Ramez" {Int+4}.
  1423 | D:1      | 1423 ||| READING scroll labelled SOAN ONURPHOX.
  1449 | D:2      | 1449 ||| Stepping ~*~*~tactically~*~*~ (stealth).
  1450 | D:2      | 1450 ||| Stepping ~*~*~tactically~*~*~ (stealth).
  1512 | D:2      | Found a runed translucent door.
  1513 | D:2      | Noticed Crazy Yiuf
  1516 | D:2      | 1516 ||| DROPPING +0 whip.
  1796 | D:2      | 1796 ||| UPGRADING to +0 helmet.
  1801 | D:2      | 1801 ||| UPGRADING to +0 chain mail.
  1811 | D:2      | 1811 ||| DROPPING +0 scale mail.
  1841 | D:3      | 1841 ||| STAIRDANCE
  1855 | D:2      | Reached XP level 5. HP: 31/32 MP: 5/5
  1905 | D:3      | HP: 3/32 [orc priest/divine providence (11)]
  1911 | D:3      | Killed from afar by an orc priest

Levels and vault maps discovered:
D:1:      heliophobic_arrival_ceremonial_halls, layout_basic, serial_shops,
          shop, dk_noncrumbling_4
D:2:      layout_loops_corners, guppyfry_early_lair_pool, uniq_robin,
          uniq_jessica, uniq_crazy_yiuf_cottage
D:3:      layout_loops_ring, nicolae_ecumenical_snake_handling, uniq_terence

Skill      XL: |  1  2  3  4 |
---------------+-------------+-----
Axes           | 2 3 4 |  4.6
Fighting       | |  3.2
Armour         | |  3.2
Shields        | |  3.2

Action                     |  1- 3 |  4- 6 || total
---------------------------+-------+-------++-------
  Melee: War axe           |    75 |    74 ||   149
    Use: Scroll            |     3 |     1 ||     4
         Potion            |       |     1 ||     1
 Armour: Scale mail        |    32 |    21 ||    53
         Chain mail        |       |    10 ||    10
  Dodge: Dodged            |    45 |    36 ||    81
  Block: Buckler           |    11 |     9 ||    20

Table legend:
 A = Non-vault XP
 B = Vault XP
 C = Vault XP percentage of total XP
 D = Non-vault monster count
 E = Vault monster count
 F = Vault count percentage of total count
                 A         B        C        D         E       F
            +---------+---------+-------+---------+---------+-------
      Total |      98 |      75 |  43.4 |      36 |      13 |  26.5
            +---------+---------+-------+---------+---------+-------
        D:1 |      21 |       0 |   0.0 |      14 |       0 |   0.0
        D:2 |      74 |      75 |  50.3 |      21 |      13 |  38.2
        D:3 |       3 |       0 |   0.0 |       1 |       0 |   0.0
            +---------+---------+-------+---------+---------+-------
